AoeStats
← Your_Dad

Arabia

509216779Analyzed
1v1 RM · 8d ago on Sep 25, 2026· 49m 3s· 2 players
Game mode
Random Map
Map size
Tiny (2 player)
Population
200
Speed
Normal
Resources
Standard
Victory
Conquest
Starting age
Dark Age
Ending age
Imperial Age
RankedLock teamsTeams togetherTeam positionsShared explorationLock speedFull tech treeHidden civsTurbo modeCheats
Victory
Defeat
🇺🇸 Danes · United States
919
+18
🇨🇦 Japanese · Canada
952
-53
Your_Dad
6:33 Loom
9:46 Feudal Age
10:21 Double-Bit Axe
10:01 Man-at-Arms
11:28 Arson
17:23 Scale Mail Armor
19:08 Horse Collar
20:06 Wheelbarrow
22:41 Castle Age
21:20 Fletching
21:41 Forging
22:23 Stone Mining
22:25 Gold Mining
24:19 Bow Saw
24:16 Squires
24:02 Gambesons
24:37 Chain Mail Armor
30:38 Iron Casting
29:58 Bodkin Arrow
33:21 Hamask
39:38 Ballistics
42:10 Imperial Age
40:03 Hand Cart
42:58 Gold Shaft Mining
42:59 Stone Shaft Mining
42:33 Elite Jomsviking
44:13 Elite Varangian Guard
45:32 Conscription
Troy 809
2:48 Loom
13:12 Feudal Age
13:22 Man-at-Arms
21:12 Double-Bit Axe
21:18 Gold Mining
23:43 Forging
23:33 Scale Mail Armor
23:16 Horse Collar
23:27 Town Watch
27:16 Castle Age
28:16 Long Swordsman
28:41 Gambesons
28:57 Squires
29:14 Chain Mail Armor
34:04 Iron Casting
34:37 Bow Saw
34:35 Heavy Plow
40:16 Yasama
48:10 Imperial Age
46:21 Wheelbarrow
47:11 Town Patrol
47:59 Gold Shaft Mining
47:15 Stone Mining
48:22 Two-Handed Swordsman
Connection lost

Rejoining the realm…

Still unreachable

The connection could not be restored.

Session expired

The server has moved on; the page needs a fresh start.